 Dungeon Crawl Stone Soup version 0.30.0-15-g856e2d3f33 (webtiles) character file.

Game seed: 8095941797251659083

44857 qw the Blocker (level 14, -5/88 HPs)
             Began as a Gargoyle Fighter on May 20, 2023.
             Was an Elder of Okawaru.
             Killed from afar by an oklob plant (15 damage)
             ... with a splash of acid
             ... on level 5 of the Lair of Beasts.
             The game lasted 00:07:55 (15702 turns).

qw the Blocker (Gargoyle Fighter)                  Turns: 15702, Time: 00:07:56

Health: -5/88      AC: 33    Str: 25    XL:     14   Next: 30%
Magic:  14/19      EV:  9    Int:  9    God:    Okawaru [****..]
Gold:   1191       SH: 20    Dex: 11    Spells: 13/13 levels left

rFire   x . .        B - +1 war axe (vamp)
rCold   . . .        v - +0 tower shield
rNeg    + . .        r - +0 plate armour
rPois   inf          g - +2 helmet
rElec   +            q - +1 cloak
rCorr   .            o - +1 pair of gloves
SInv    +            s - +4 pair of boots of Hadjma {rF- Will+ Slay+5}
Will    ++...        (no amulet) Stlth
                     e - +4 ring of slaying {mikee}
HPRegen 0.34/turn    p - ring of see invisible
MPRegen 0.16/turn

%: no passive effects
@: about to teleport, heroic, finesse-ful, corroded, flying
A: sickness immunity, AC +10, big wings, negative energy resistance 1,
electricity resistance, torment resistance 1, petrification resistance, thin
skeletal structure 1, low MP 1
a: Renounce Religion, Heroism, Finesse


You were on level 5 of the Lair of Beasts.
You worshipped Okawaru.
Okawaru was greatly pleased with you.
You visited 3 branches of the dungeon, and saw 16 of its levels.
You also visited: Sewer.

You collected 1191 gold pieces.


Innate Abilities, Weirdness & Mutations

You are immune to sickness and miasma.
Your stone body is resilient. (AC +10)
You are immune to poison.
Your large and strong wings let you fly.
You resist negative energy. (rN+)
You are resistant to electric shocks. (rElec)
You are resistant to unholy torment.
You are immune to petrification.
You have a somewhat thin skeletal structure. (Dex +2, Stealth+)
Your magical capacity is low. (-10% MP)


   Skills:
 - Level 10.0(15.0) Fighting
 - Level 13.0(18.0) Axes
 - Level 2.2(7.2) Throwing
 + Level 9.7(14.7) Armour
 - Level 2.0(7.0) Dodging
 - Level 14.8(19.8) Shields
 - Level 10.0 Invocations


You had 13 spell levels left.
You didn't know any spells.
Your spell library was empty.

Inventory:

Hand Weapons
 x - a +2 flail of protection
 B - a +1 vampiric war axe (weapon)
 Y - a +3 war axe of freezing
Armour
 g - a +2 helmet (worn)
 l - +0 acid dragon scales
 o - a +1 pair of gloves (worn)
 q - a +1 cloak (worn)
 r - a +0 plate armour (worn)
 s - the +4 pair of boots of Hadjma (worn) {rF- Will+ Slay+5}
   (You found it on level 1 of the Lair of Beasts)

   Slay:      It affects your accuracy & damage with ranged weapons and melee
   (+5).
   rF:        It makes you vulnerable to fire.
   Will:      It increases your willpower.
 t - a +1 helmet of intelligence
 v - a +0 tower shield (worn)
 y - a +2 pair of boots
Jewellery
 e - a +4 ring of slaying (left hand) {mikee}
 m - a +6 ring of dexterity
 p - a ring of see invisible (right hand)
Wands
 w - a wand of digging (3)
Scrolls
 n - 12 scrolls of identify
 u - 2 scrolls of teleportation
Potions
 a - 5 potions of magic
 b - a potion of mutation
 c - 3 potions of curing
 d - 4 potions of might
 f - 2 potions of haste
 h - 2 potions of attraction
 i - a potion of cancellation
 j - 9 potions of lignification
 k - 7 potions of heal wounds

Dungeon Overview and Level Annotations

Branches:
Dungeon (10/15)            Temple (1/1) D:5            Lair (5/5) D:10
 Shoals (0/4) Lair:2        Snake (0/4) Lair:3        Slime (0/5) Lair:5
    Orc (0/2) D:10          Sewer (visited)

Altars:
Ashenzari
Cheibriados
Dithmenos
Elyvilon
Fedhas
Gozag
Hepliaklqana
Kikubaaqudgha
Makhleb
Nemelex Xobeh
Okawaru
Qazlal
Ru
Sif Muna
Trog
Uskayaw
Vehumet
Wu Jian
Xom
Yredelemnul
Zin
The Shining One
Jiyva

Shops:
D:2 (   D:4 :

Annotations:
D:3 1 runed translucent door, Crazy Yiuf
D:9 2 runed translucent doors


Message History

The oklob plant is lightly damaged.
You hit the oklob plant but do no damage.
You hit the oklob plant but do no damage.
The oklob plant is lightly damaged.
You hit the oklob plant but do no damage.
The oklob plant spits acid at you. You block the splash of acid.
The oklob plant spits acid at you. The splash of acid hits you!
The acid corrodes you!
You hit the oklob plant but do no damage.
The oklob plant is lightly damaged.
You hit the oklob plant but do no damage.
You slice the oklob plant!!
You feel better.
The oklob plant is heavily damaged.
You slash the oklob plant! You hit the oklob plant.
You feel better.
The oklob plant is heavily damaged.
You hit the oklob plant but do no damage.
You hit the oklob plant.
You feel better.
The oklob plant is severely damaged.
You hit the oklob plant.
You feel better.
You slash the oklob plant!
You feel better.
The oklob plant is almost destroyed.
You hit the oklob plant but do no damage.
The oklob plant spits acid at you. The splash of acid hits you!
The acid corrodes you!
You slice the oklob plant!!
You destroy the oklob plant!
Okawaru accepts your kill.
You hit the oklob plant but do no damage.
You slash the oklob plant!
The oklob plant is heavily damaged.
The oklob plant spits acid at you. The splash of acid hits you!!
15702 ||| READING 3 scrolls of teleportation.
As you read the scroll of teleportation, it crumbles to dust.
You feel strangely unstable. The oklob plant spits acid at you.
The splash of acid hits you!
You die...

#......................
####....##.#####......##
#.....#..##.# ###...## ##
##.....###### #...#
#.##......# ##...#
##.....#.#### ##....###
###......### .### ###.P..P..#
#......######...###...PP.....
#......##.#.@.>..#.....P.....
##....###...._P...####..P.....
#......#......P..## #########
#.#...........#### # #
###........## ##########


You could see 2 oklob plants.

Vanquished Creatures
  Kirke (Lair:4)
  3 hydras
  A catoblepas (Lair:5)
  A two-headed ogre (D:9)
  7 death yaks
  A skyshark (Lair:3)
  A wolf spider (Lair:5)
  An oklob plant (Lair:5)
  14 elephants
  5 black mambas
  4 torpor snails
  2 gargoyles (D:10)
  9 cane toads
  5 rime drakes
  4 komodo dragons
  3 meliai (Lair:4)
  A hornet (D:10)
  2 polar bears
  17 blink frogs
  A queen bee (Lair:4)
  A dream sheep (Lair:3)
  A human (Lair:4)
  3 wyverns
  2 basilisks (Lair:2)
  55 yaks
  2 shadows (D:10)
  5 hogs (Lair:4)
  4 nagas (Lair:3)
  2 acid dragons (D:9)
  14 water moccasins
  2 sky beasts
  An orc warrior (D:8)
  3 ice beasts
  2 ogres
  11 wolves
  2 centaurs
  3 kobold brigands
  4 phantoms
  12 bullfrogs
  A gnoll sergeant (D:8)
  4 scorpions
  3 wights (D:9)
  21 killer bees (Lair:4)
  A troll zombie (D:10)
  An electric eel (Lair:5)
  9 howler monkeys
  5 hounds
  3 jellies
  6 orc priests
  A gnoll bouda (D:6)
  4 orc wizards
  A sleepcap (D:5)
  4 iguanas
  7 hell rats (Lair:4)
  5 ogre zombies (D:10)
  10 gnolls
  16 adders
  3 river rats (Sewer)
  A shadow imp (D:7)
  3 white imps
  3 worms
  3 dart slugs
  32 orcs
  15 ball pythons
  12 endoplasms
  4 giant cockroaches
  11 goblins
  6 hobgoblins
  11 jackals
  5 quokkas
  6 bats
  9 frilled lizards
  A goblin zombie (D:10)
  4 hobgoblin skeletons (D:10)
  A hobgoblin zombie (D:10)
  15 kobolds
  An orc skeleton (D:10)
  12 orc zombies (D:10)
  25 rats
497 creatures vanquished.

Notes
Turn   | Place    | Note
-------+----------+-------------------------------------------
     0 | D:1      | qw the Gargoyle Fighter began the quest for the Orb.
     0 | D:1      | Reached XP level 1. HP: 14/14 MP: 1/1
     0 | D:1      | 0 ||| qw: Version: 0.2-a-97-g499787f
     0 | D:1      | 0 ||| qw: Game counter: 77
     0 | D:1      | 0 ||| qw: Always use a shield: true
     0 | D:1      | 0 ||| qw: God list: Okawaru
     0 | D:1      | 0 ||| qw: Allow faded altars: false
     0 | D:1      | 0 ||| qw: Do Orc after D:15 true
     0 | D:1      | 0 ||| qw: Do second Lair branch before Depths: true
     0 | D:1      | 0 ||| qw: Lair rune preference: random
     0 | D:1      | 0 ||| qw: Plans: Normal, Zot:1-4, God:TSO, Crypt, Tomb,
                  | Pan, Slime:5, Hells, Abyss, Win
     0 | D:1      | 0 ||| PLANNING D:1-11
   122 | D:1      | 122 ||| Stepping ~*~*~tactically~*~*~ (stealth).
   159 | D:1      | Reached XP level 2. HP: 19/19 MP: 2/2
   178 | D:1      | 178 ||| Stepping ~*~*~tactically~*~*~ (stealth).
   217 | D:1      | 217 ||| Stepping ~*~*~tactically~*~*~ (stealth).
   266 | D:1      | 266 ||| Stepping ~*~*~tactically~*~*~ (stealth).
   267 | D:1      | 267 ||| Stepping ~*~*~tactically~*~*~ (stealth).
   280 | D:1      | Reached skill level 3 in Axes
   285 | D:1      | 285 ||| Stepping ~*~*~tactically~*~*~ (hiding).
   286 | D:1      | 286 ||| Stepping ~*~*~tactically~*~*~ (hiding).
   289 | D:1      | 289 ||| Stepping ~*~*~tactically~*~*~ (hiding).
   290 | D:1      | 290 ||| Stepping ~*~*~tactically~*~*~ (hiding).
   291 | D:1      | 291 ||| Stepping ~*~*~tactically~*~*~ (hiding).
   292 | D:1      | 292 ||| Stepping ~*~*~tactically~*~*~ (hiding).
   293 | D:1      | 293 ||| Stepping ~*~*~tactically~*~*~ (hiding).
   294 | D:1      | 294 ||| Stepping ~*~*~tactically~*~*~ (hiding).
   295 | D:1      | 295 ||| Stepping ~*~*~tactically~*~*~ (hiding).
   299 | D:1      | Reached XP level 3. HP: 18/23 MP: 3/3
   302 | D:1      | 302 ||| Stepping ~*~*~tactically~*~*~ (stealth).
   482 | D:1      | 482 ||| DROPPING +0 club.
   679 | D:1      | 679 ||| UPGRADING to +0 pair of boots.
   684 | D:1      | 684 ||| READING scroll labelled CUNGISTROELUM.
   685 | D:1      | 685 ||| READING scroll labelled BIETYCAASU.
   686 | D:1      | 686 ||| READING scroll labelled UGESUE TUTEET.
   687 | D:1      | 687 ||| READING scroll labelled XOIMOPP EH DUXT.
   688 | D:1      | 688 ||| DRINKING 2 fizzy emerald potions.
   889 | D:2      | Reached XP level 4. HP: 24/28 MP: 4/4
  1098 | D:2      | Found Foph's Antique Weapon Emporium.
  1315 | D:2      | 1315 ||| READING scroll of enchant weapon.
  1315 | D:2      | 1315 ||| ENCHANTING +1 war axe.
  1355 | D:2      | 1355 ||| Stepping ~*~*~tactically~*~*~ (hiding).
  1356 | D:2      | 1356 ||| Stepping ~*~*~tactically~*~*~ (hiding).
  1624 | D:2      | 1624 ||| Stepping ~*~*~tactically~*~*~ (hiding).
  1746 | D:2      | 1746 ||| UPGRADING to ring of positive energy.
  1747 | D:2      | 1747 ||| READING scroll labelled KEH SIFIOBB.
  1748 | D:2      | 1748 ||| READING scroll labelled ERUOCE TESS.
  1749 | D:2      | 1749 ||| READING 2 scrolls of identify.
  1749 | D:2      | 1749 ||| IDENTIFYING clear potion
  1817 | D:3      | Found a runed translucent door.
  1818 | D:3      | Noticed Crazy Yiuf
  1929 | D:3      | 1929 ||| Stepping ~*~*~tactically~*~*~ (hiding).
  1957 | D:3      | 1957 ||| SWAPPING to +2 heavy war axe.
  1958 | D:3      | 1958 ||| DROPPING +2 war axe.
  1970 | D:3      | Reached XP level 5. HP: 32/32 MP: 5/5
  2273 | D:3      | Found a faded altar of an unknown god.
  2575 | D:3      | 2575 ||| UPGRADING to +0 cloak.
  2580 | D:3      | 2580 ||| UPGRADING to ring of see invisible.
  2581 | D:3      | 2581 ||| READING scroll labelled UNOHYA QEMIF.
  2582 | D:3      | 2582 ||| READING scroll labelled CORIAPSOYXE.
  2606 | D:3      | 2606 ||| READING scroll labelled XALLEOVU YT MOOC.
  2607 | D:3      | 2607 ||| READING 6 scrolls of identify.
  2607 | D:3      | 2607 ||| IDENTIFYING red potion
  2608 | D:3      | 2608 ||| READING 5 scrolls of identify.
  2608 | D:3      | 2608 ||| IDENTIFYING smoky red potion
  2609 | D:3      | 2609 ||| READING 4 scrolls of identify.
  2609 | D:3      | 2609 ||| IDENTIFYING silvery potion
  2610 | D:3      | 2610 ||| READING 3 scrolls of identify.
  2610 | D:3      | 2610 ||| IDENTIFYING bubbling sapphire potion
  2611 | D:3      | 2611 ||| READING 2 scrolls of identify.
  2611 | D:3      | 2611 ||| IDENTIFYING orange potion
  2612 | D:3      | 2612 ||| DROPPING potion of berserk rage.
  2613 | D:3      | 2613 ||| DROPPING potion of magic.
  2672 | D:4      | Noticed a phantom
  2684 | D:4      | Killed a phantom
  2743 | D:4      | 2743 ||| Stepping ~*~*~tactically~*~*~ (hiding).
  2746 | D:4      | 2746 ||| Stepping ~*~*~tactically~*~*~ (hiding).
  2768 | D:4      | Reached XP level 6. HP: 12/38 MP: 6/6
  2907 | D:4      | Found Puar's Book Shop.
  3070 | D:4      | Reached skill level 1 in Dodging
  3072 | D:4      | Found a shimmering altar of Xom.
  3342 | D:4      | 3342 ||| UPGRADING to +0 helmet.
  3347 | D:4      | 3347 ||| READING scroll labelled SIUH DUMUUR.
  3348 | D:4      | 3348 ||| READING 5 scrolls of identify.
  3348 | D:4      | 3348 ||| IDENTIFYING metallic emerald potion
  3349 | D:4      | 3349 ||| READING 4 scrolls of identify.
  3349 | D:4      | 3349 ||| IDENTIFYING puce potion
  3350 | D:4      | 3350 ||| DROPPING potion of invisibility.
  3351 | D:4      | 3351 ||| DROPPING potion of brilliance.
  3377 | D:5      | Entered Level 5 of the Dungeon
  3438 | D:5      | 3438 ||| DROPPING +0 whip.
  3449 | D:5      | Found a staircase to the Ecumenical Temple.
  3450 | D:5      | 3450 ||| PLANNING TEMPLE
  3450 | D:5      | 3450 ||| UPGRADING to +0 chain mail.
  3460 | D:5      | 3460 ||| DROPPING +0 scale mail.
  3461 | D:5      | 3461 ||| READING 3 scrolls of identify.
  3461 | D:5      | 3461 ||| IDENTIFYING green potion
  3462 | D:5      | 3462 ||| Stepping randomly (stuck).
  3472 | Temple   | Entered the Ecumenical Temple
  3526 | Temple   | 3526 ||| PLANNING OKAWARU WORSHIP
  3594 | Temple   | Became a worshipper of Warmaster Okawaru
  3594 | Temple   | 3594 ||| PLANNING D:1-11
  3665 | D:5      | Reached skill level 6 in Axes
  3665 | D:5      | Reached XP level 7. HP: 39/44 MP: 7/7
  3855 | D:5      | 3855 ||| Stepping ~*~*~tactically~*~*~ (stealth).
  3889 | D:5      | 3889 ||| Stepping ~*~*~tactically~*~*~ (hiding).
  4116 | D:5      | 4116 ||| Stepping ~*~*~tactically~*~*~ (stealth).
  4124 | D:5      | Reached * piety under Okawaru
  4125 | D:5      | 4125 ||| INVOKING Heroism.
  4127 | D:5      | Reached XP level 8. HP: 49/49 MP: 5/8
  4135 | D:5      | 4135 ||| INVOKING Heroism.
  4143 | D:5      | Reached skill level 1 in Throwing
  4249 | D:5      | 4249 ||| DROPPING amulet of faith.
  4250 | D:5      | 4250 ||| DRINKING 2 glowing clear potions.
  4250 | D:5      | Gained mutation: Your magical capacity is low. (-10% MP)
                  | [potion of mutation]
  4250 | D:5      | Gained mutation: You have a somewhat thin skeletal
                  | structure. (Dex +2, Stealth+) [potion of mutation]
  4273 | D:6      | 4273 ||| PLANNING SEWER
  4273 | D:6      | 4273 ||| INVOKING Heroism.
  4330 | D:6      | Reached skill level 1 in Invocations
  4385 | D:6      | 4385 ||| Stepping ~*~*~tactically~*~*~ (stealth).
  4386 | D:6      | 4386 ||| Stepping ~*~*~tactically~*~*~ (stealth).
  4531 | D:6      | Found a broken altar of Ashenzari.
  4580 | D:6      | Found a glowing drain.
  4581 | D:6      | 4581 ||| UPGRADING to +6 ring of dexterity.
  4583 | D:6      | 4583 ||| READING scroll labelled FOGEXO ETOKETINE.
  4591 | Sewer    | Entered a sewer
  4654 | Sewer    | 4654 ||| Stepping ~*~*~tactically~*~*~ (water).
  4723 | Sewer    | 4723 ||| Stepping ~*~*~tactically~*~*~ (stealth).
  4738 | Sewer    | 4738 ||| Stepping ~*~*~tactically~*~*~ (stealth).
  4741 | Sewer    | 4741 ||| Stepping ~*~*~tactically~*~*~ (stealth).
  4764 | Sewer    | 4764 ||| READING scroll of enchant armour.
  4764 | Sewer    | 4764 ||| ENCHANTING +0 helmet.
  4804 | Sewer    | Reached skill level 3 in Invocations
  4825 | Sewer    | 4825 ||| Stepping ~*~*~tactically~*~*~ (stealth).
  4852 | Sewer    | 4852 ||| Stepping ~*~*~tactically~*~*~ (water).
  4894 | Sewer    | 4894 ||| READING scroll of enchant armour.
  4894 | Sewer    | 4894 ||| ENCHANTING +1 helmet.
  4900 | Sewer    | 4900 ||| READING scroll labelled URHAIT ROCI.
  4904 | D:6      | 4904 ||| PLANNING D:1-11
  4919 | D:6      | Reached ** piety under Okawaru
  4922 | D:6      | 4922 ||| INVOKING Heroism.
  4926 | D:6      | Reached XP level 9. HP: 54/54 MP: 7/10
  4929 | D:6      | Reached skill level 6 in Fighting
  5668 | D:6      | 5668 ||| UPGRADING to +2 pair of boots.
  5678 | D:6      | 5678 ||| DROPPING +0 pair of boots.
  5679 | D:6      | 5679 ||| READING scroll labelled PUQAFU UCO.
  6310 | D:7      | 6310 ||| Stepping ~*~*~tactically~*~*~ (hiding).
  6311 | D:7      | 6311 ||| Stepping ~*~*~tactically~*~*~ (hiding).
  6312 | D:7      | 6312 ||| Stepping ~*~*~tactically~*~*~ (hiding).
  6313 | D:7      | 6313 ||| Stepping ~*~*~tactically~*~*~ (hiding).
  6314 | D:7      | 6314 ||| Stepping ~*~*~tactically~*~*~ (hiding).
  6322 | D:7      | Reached skill level 9 in Axes
  6418 | D:7      | 6418 ||| Stepping ~*~*~tactically~*~*~ (stealth).
  6457 | D:7      | 6457 ||| Stepping ~*~*~tactically~*~*~ (hiding).
  6458 | D:7      | 6458 ||| Stepping ~*~*~tactically~*~*~ (hiding).
  6459 | D:7      | 6459 ||| Stepping ~*~*~tactically~*~*~ (hiding).
  6474 | D:7      | 6474 ||| INVOKING Heroism.
  6887 | D:7      | Reached skill level 4 in Shields
  6892 | D:7      | Found a glowing silver altar of Zin.
  6894 | D:7      | 6894 ||| UPGRADING to +4 ring of slaying {mikee}.
  6896 | D:7      | 6896 ||| DROPPING ring of positive energy.
  6897 | D:7      | 6897 ||| DROPPING ring of willpower.
  7164 | D:8      | 7164 ||| INVOKING Heroism.
  7301 | D:8      | 7301 ||| Stepping ~*~*~tactically~*~*~ (stealth).
  7303 | D:8      | 7303 ||| Stepping ~*~*~tactically~*~*~ (hiding).
  7305 | D:8      | 7305 ||| INVOKING Heroism.
  7621 | D:8      | 7621 ||| DROPPING +0 flail.
  7639 | D:8      | 7639 ||| DRINKING 3 potions of curing.
  7639 | D:8      | 7639 ||| (to cure confusion)
  7640 | D:8      | Found a flagged portal.
  7646 | D:8      | 7646 ||| DRINKING 2 potions of curing.
  7646 | D:8      | 7646 ||| (to cure confusion)
  7652 | D:8      | 7652 ||| DRINKING potion of curing.
  7652 | D:8      | 7652 ||| (to cure confusion)
  8026 | D:8      | 8026 ||| INVOKING Heroism.
  8028 | D:8      | Reached XP level 10. HP: 63/63 MP: 8/11
  8190 | D:8      | 8190 ||| UPGRADING to +0 plate armour.
  8200 | D:8      | 8200 ||| DROPPING +0 chain mail.
  8201 | D:8      | 8201 ||| UPGRADING to +0 tower shield.
  8211 | D:8      | 8211 ||| DROPPING +0 buckler.
  8318 | D:9      | Found a large runed translucent door.
  8318 | D:9      | Found a large runed translucent door.
  8324 | D:9      | Noticed a purple ugly thing
  8325 | D:9      | Noticed a kobold demonologist
  8464 | D:9      | Reached skill level 5 in Shields
  8507 | D:9      | Found a blossoming altar of Fedhas.
  8526 | D:9      | 8526 ||| INVOKING Heroism.
  8650 | D:9      | 8650 ||| Stepping ~*~*~tactically~*~*~ (stealth).
  8656 | D:9      | 8656 ||| Stepping ~*~*~tactically~*~*~ (stealth).
  8683 | D:9      | Reached skill level 6 in Shields
  8706 | D:9      | 8706 ||| Stepping ~*~*~tactically~*~*~ (hiding).
  8765 | D:9      | 8765 ||| INVOKING Heroism.
  8879 | D:9      | 8879 ||| READING scroll of enchant armour.
  8879 | D:9      | 8879 ||| ENCHANTING +0 cloak.
  9111 | D:9      | Noticed a two-headed ogre
  9115 | D:9      | 9115 ||| INVOKING Heroism.
  9124 | D:9      | Killed a two-headed ogre
  9125 | D:9      | Reached skill level 7 in Shields
  9138 | D:9      | Noticed a kobold demonologist
  9261 | D:9      | Reached skill level 8 in Shields
  9448 | D:9      | Found a shimmering altar of Xom.
  9554 | D:10     | Entered Level 10 of the Dungeon
  9567 | D:10     | Reached *** piety under Okawaru
  9588 | D:10     | Reached skill level 9 in Shields
  9736 | D:10     | 9736 ||| Stepping ~*~*~tactically~*~*~ (stealth).
  9748 | D:10     | Reached skill level 10 in Shields
  9766 | D:10     | Found a staircase to the Orcish Mines.
  9769 | D:10     | 9769 ||| Stepping ~*~*~tactically~*~*~ (stealth).
  9779 | D:10     | Received a gift from Okawaru
  9803 | D:10     | 9803 ||| Stepping ~*~*~tactically~*~*~ (stealth).
  9804 | D:10     | 9804 ||| Stepping ~*~*~tactically~*~*~ (stealth).
  9835 | D:10     | 9835 ||| Stepping ~*~*~tactically~*~*~ (stealth).
  9836 | D:10     | 9836 ||| Stepping ~*~*~tactically~*~*~ (stealth).
  9872 | D:10     | Noticed a gargoyle
  9877 | D:10     | Killed a gargoyle
  9878 | D:10     | Reached XP level 11. HP: 67/67 MP: 12/12
  9953 | D:10     | Reached **** piety under Okawaru
  9954 | D:10     | Reached skill level 11 in Shields
 10083 | D:10     | 10083 ||| Stepping ~*~*~tactically~*~*~ (hiding).
 10086 | D:10     | 10086 ||| Stepping ~*~*~tactically~*~*~ (hiding).
 10106 | D:10     | 10106 ||| Stepping ~*~*~tactically~*~*~ (stealth).
 10110 | D:10     | 10110 ||| Stepping ~*~*~tactically~*~*~ (stealth).
 10336 | D:10     | 10336 ||| Stepping ~*~*~tactically~*~*~ (hiding).
 10359 | D:10     | Found a staircase to the Lair.
 10502 | D:10     | 10502 ||| PLANNING LAIR
 10502 | D:10     | 10502 ||| READING scroll labelled CIONIL YQOKO.
 10524 | Lair:1   | Entered Level 1 of the Lair of Beasts
 10525 | Lair:1   | 10525 ||| INVOKING Heroism.
 10535 | Lair:1   | Reached skill level 6 in Armour
 10539 | Lair:1   | Received a gift from Okawaru
 10544 | Lair:1   | Reached ***** piety under Okawaru
 10547 | Lair:1   | 10547 ||| STAIRDANCE
 10678 | Lair:1   | 10678 ||| Stepping ~*~*~tactically~*~*~ (stealth).
 10681 | Lair:1   | 10681 ||| INVOKING Heroism.
 10690 | Lair:1   | Reached skill level 6 in Invocations
 10848 | Lair:1   | 10848 ||| READING scroll of enchant weapon.
 10848 | Lair:1   | 10848 ||| ENCHANTING +2 war axe of freezing.
 10876 | Lair:1   | 10876 ||| INVOKING Heroism.
 10878 | Lair:1   | Received a gift from Okawaru
 10964 | Lair:1   | Identified the +4 pair of boots of Hadjma {rF- Will+
                  | Slay+5}
 10992 | Lair:1   | Reached skill level 12 in Shields
 11036 | Lair:1   | 11036 ||| INVOKING Heroism.
 11117 | Lair:1   | You fall into a shaft and drop 1 floor!
 11131 | Lair:2   | Noticed a death yak
 11132 | Lair:2   | 11132 ||| INVOKING Heroism.
 11136 | Lair:2   | Killed a death yak
 11269 | Lair:2   | 11269 ||| UPGRADING to +4 pair of boots of Hadjma {rF-
                  | Will+ Slay+5}.
 11279 | Lair:2   | 11279 ||| READING 9 scrolls of identify.
 11279 | Lair:2   | 11279 ||| IDENTIFYING white potion
 11280 | Lair:2   | 11280 ||| DROPPING potion of ambrosia.
 11651 | Lair:2   | 11651 ||| INVOKING Heroism.
 11803 | Lair:2   | Found a staircase to the Shoals.
 11828 | Lair:2   | 11828 ||| Stepping ~*~*~tactically~*~*~ (hiding).
 12353 | Lair:2   | 12353 ||| DROPPING ring of flight.
 12394 | Lair:3   | 12394 ||| INVOKING Heroism.
 12434 | Lair:3   | 12434 ||| Stepping ~*~*~tactically~*~*~ (stealth).
 12440 | Lair:3   | Reached XP level 12. HP: 72/72 MP: 16/16
 12496 | Lair:3   | Noticed a six-headed hydra
 12497 | Lair:3   | 12497 ||| INVOKING Heroism.
 12501 | Lair:3   | 12501 ||| SWAPPING to +2 flail of protection.
 12507 | Lair:3   | Killed a six-headed hydra
 12508 | Lair:3   | 12508 ||| SWAPPING to +3 war axe of freezing.
 12571 | Lair:3   | Noticed a skyshark
 12572 | Lair:3   | 12572 ||| Stepping ~*~*~tactically~*~*~ (stealth).
 12598 | Lair:3   | Killed a skyshark
 12599 | Lair:3   | Reached skill level 9 in Invocations
 12827 | Lair:3   | 12827 ||| INVOKING Heroism.
 12851 | Lair:3   | Found a staircase to the Snake Pit.
 12852 | Lair:3   | 12852 ||| Stepping ~*~*~tactically~*~*~ (hiding).
 12886 | Lair:3   | 12886 ||| INVOKING Heroism.
 12886 | Lair:3   | HP: 11/72 [naga/+0 trident (17)]
 12887 | Lair:3   | 12887 ||| READING 4 scrolls of teleportation.
 12888 | Lair:3   | 12888 ||| DRINKING 8 potions of heal wounds.
 12890 | Lair:3   | Reached skill level 13 in Shields
 13087 | Lair:3   | Noticed a death yak
 13087 | Lair:3   | Noticed a death yak
 13088 | Lair:3   | 13088 ||| INVOKING Heroism.
 13088 | Lair:3   | Noticed a death yak
 13089 | Lair:3   | 13089 ||| INVOKING Finesse.
 13092 | Lair:3   | Noticed a death yak
 13093 | Lair:3   | Noticed a death yak
 13098 | Lair:3   | Killed a death yak
 13098 | Lair:3   | Received a gift from Okawaru
 13105 | Lair:3   | Killed a death yak
 13111 | Lair:3   | Killed a death yak
 13113 | Lair:3   | Killed a death yak
 13114 | Lair:3   | Killed a death yak
 13175 | Lair:3   | 13175 ||| INVOKING Heroism.
 13240 | Lair:3   | 13240 ||| Stepping ~*~*~tactically~*~*~ (stealth).
 13291 | Lair:3   | Identified the +1 long sword of Xom's Displeasure {venom,
                  | *Corrode Will+++ Str-2 Int+5}
 13320 | Lair:3   | Noticed a death yak
 13321 | Lair:3   | 13321 ||| INVOKING Heroism.
 13322 | Lair:3   | 13322 ||| INVOKING Finesse.
 13328 | Lair:3   | Killed a death yak
 13467 | Lair:3   | Reached XP level 13. HP: 75/78 MP: 18/18
 13492 | Lair:3   | 13492 ||| Stepping ~*~*~tactically~*~*~ (hiding).
 13695 | Lair:3   | 13695 ||| UPGRADING to +1 pair of gloves.
 13700 | Lair:3   | 13700 ||| READING 10 scrolls of identify.
 13700 | Lair:3   | 13700 ||| IDENTIFYING sapphire potion
 13701 | Lair:3   | 13701 ||| DROPPING potion of degeneration.
 13715 | Lair:4   | Noticed Kirke
 13716 | Lair:4   | 13716 ||| INVOKING Heroism.
 13717 | Lair:4   | 13717 ||| INVOKING Finesse.
 13721 | Lair:4   | Noticed a sphinx
 13742 | Lair:4   | Killed Kirke
 13743 | Lair:4   | Reached skill level 9 in Fighting
 13804 | Lair:4   | 13804 ||| INVOKING Heroism.
 13849 | Lair:4   | 13849 ||| Stepping ~*~*~tactically~*~*~ (stealth).
 13856 | Lair:4   | Reached skill level 9 in Armour
 13870 | Lair:4   | 13870 ||| Stepping ~*~*~tactically~*~*~ (stealth).
 13879 | Lair:4   | Received a gift from Okawaru
 13885 | Lair:4   | Reached skill level 14 in Shields
 14001 | Lair:4   | 14001 ||| INVOKING Heroism.
 14064 | Lair:4   | Identified the +7 falchion "Amargh" {flame, rC+}
 14310 | Lair:4   | 14310 ||| INVOKING Heroism.
 14340 | Lair:4   | HP: 13/80 [meliai/divine providence (15)]
 14341 | Lair:4   | 14341 ||| READING 4 scrolls of teleportation.
 14342 | Lair:4   | 14342 ||| DRINKING 8 potions of heal wounds.
 14815 | Lair:4   | 14815 ||| INVOKING Heroism.
 14834 | Lair:4   | 14834 ||| Stepping ~*~*~tactically~*~*~ (stealth).
 14844 | Lair:4   | 14844 ||| Stepping ~*~*~tactically~*~*~ (stealth).
 14850 | Lair:4   | 14850 ||| SWAPPING to +1 vampiric war axe.
 14854 | Lair:4   | 14854 ||| DROPPING +1 pair of gloves.
 14855 | Lair:4   | 14855 ||| DROPPING amulet of guardian spirit.
 14918 | Lair:5   | Entered Level 5 of the Lair of Beasts
 14926 | Lair:5   | 14926 ||| INVOKING Heroism.
 14933 | Lair:5   | Reached skill level 12 in Axes
 14936 | Lair:5   | 14936 ||| Stepping ~*~*~tactically~*~*~ (stealth).
 14937 | Lair:5   | 14937 ||| Stepping ~*~*~tactically~*~*~ (stealth).
 14950 | Lair:5   | 14950 ||| INVOKING Finesse.
 14958 | Lair:5   | 14958 ||| SWAPPING to +2 flail of protection.
 14965 | Lair:5   | 14965 ||| SWAPPING to +1 vampiric war axe.
 15005 | Lair:5   | 15005 ||| INVOKING Heroism.
 15015 | Lair:5   | 15015 ||| Stepping ~*~*~tactically~*~*~ (stealth).
 15067 | Lair:5   | 15067 ||| Stepping ~*~*~tactically~*~*~ (stealth).
 15068 | Lair:5   | 15068 ||| Stepping ~*~*~tactically~*~*~ (stealth).
 15070 | Lair:5   | 15070 ||| Stepping ~*~*~tactically~*~*~ (stealth).
 15072 | Lair:5   | 15072 ||| Stepping ~*~*~tactically~*~*~ (stealth).
 15075 | Lair:5   | 15075 ||| INVOKING Heroism.
 15093 | Lair:5   | Gained mutation: Your large and strong wings let you fly.
                  | [Gargoyle growth]
 15093 | Lair:5   | Reached XP level 14. HP: 88/88 MP: 19/19
 15186 | Lair:5   | 15186 ||| INVOKING Heroism.
 15187 | Lair:5   | 15187 ||| INVOKING Finesse.
 15189 | Lair:5   | 15189 ||| SWAPPING to +2 flail of protection.
 15195 | Lair:5   | Received a gift from Okawaru
 15196 | Lair:5   | 15196 ||| SWAPPING to +1 vampiric war axe.
 15222 | Lair:5   | 15222 ||| Stepping ~*~*~tactically~*~*~ (stealth).
 15236 | Lair:5   | 15236 ||| Stepping ~*~*~tactically~*~*~ (stealth).
 15237 | Lair:5   | 15237 ||| Stepping ~*~*~tactically~*~*~ (stealth).
 15266 | Lair:5   | 15266 ||| INVOKING Heroism.
 15267 | Lair:5   | 15267 ||| INVOKING Finesse.
 15345 | Lair:5   | Received a gift from Okawaru
 15411 | Lair:5   | 15411 ||| Stepping ~*~*~tactically~*~*~ (stealth).
 15416 | Lair:5   | 15416 ||| INVOKING Heroism.
 15505 | Lair:5   | 15505 ||| INVOKING Heroism.
 15682 | Lair:5   | Found a viscous altar of Jiyva.
 15684 | Lair:5   | 15684 ||| INVOKING Heroism.
 15685 | Lair:5   | 15685 ||| INVOKING Finesse.
 15686 | Lair:5   | Found a staircase to the Slime Pits.
 15688 | Lair:5   | 15688 ||| DRINKING 2 potions of cancellation.
 15701 | Lair:5   | HP: 10/88 [oklob plant/splash of acid (30)]
 15702 | Lair:5   | 15702 ||| READING 3 scrolls of teleportation.
 15702 | Lair:5   | Killed from afar by an oklob plant

Levels and vault maps discovered:
D:1:      sevenhm_arrival_forest_fort_large_1, layout_rooms
D:2:      minmay_alternating_diamond, layout_basic, serial_shops, shop
D:3:      minmay_wonky_spiral, layout_rooms, serial_aquarium,
          aquarium_bridge_square [aquarium_subvault_window,
          aquarium_subvault_bridge, aquarium_subvault_wall,
          aquarium_subvault_wall], aquarium_window_corner, aquarium_window_fake,
          aquarium_view_2a, aquarium_view_2c, aquarium_balcony_double_3,
          aquarium_pool_split, shapermc_ecumenical_altar_flowoftime,
          minmay_misc_feat_iff, supply_closet_lemuel, hex_intersection,
          minmay_crystal_water, grunt_ministairs_8, serial_bayou_pond_e,
          kennysheep_flooded_box, uniq_crazy_yiuf_cottage
D:4:      layout_cave_pools, tgw_xom, serial_shops,
          nicolae_shop_real_fake_doors, chequers_serial_rivers_large_a,
          grunt_ministairs_12
D:5:      minmay_opposing_rooms, layout_cave_pools, minmay_temple_entry_slanted,
          kennysheep_path_1
D:6:      layout_layer_cave, ashenzari_conservatory_becter,
          cheibrodos_sewer_entry_bend, lemuel_flamethrower_2
D:7:      layout_layer_cave, lemuel_coloured_pillars_altar
D:8:      layout_layer_cave, enter_bailey_6, serial_park_tiny_pond
D:9:      due_chaos_kobolds, layout_loops_corners,
          mainiacjoe_overflow_surrounded_room
D:10:     layout_roguey, lair_entry_dummy, zombieorc1_lemuel
Temple:   nicolae_temple_two_arcs
Lair:1:   layout_cave_pods, lemuel_fruit_tree
Lair:2:   layout_regular_city, shoals_dummy_entry
Lair:3:   layout_concentric_octagons, minmay_snake_entry_guardpost_small,
          minmay_shattered_shrine
Lair:4:   layout_cellular_growth, special_room [special_room_bee], uniq_kirke
Lair:5:   due_jungle_book, layout_long_grid, minmay_slime_entry_oklob_enclosed,
          nicolae_lair_run_with_the_wolves, grunt_megastairs_2,
          infiniplex_staircase_pool

Skill      XL: |  1  2  3  4  5  6  7  8  9 10 11 12 13 14 |
---------------+-------------------------------------------+-----
Axes           | 2 3 4 5 6 7 8 9 10 11 12 13 | 13.0
Fighting       | 4 5 7 8 10 | 10.0
Dodging        | 1 2 |  2.0
Armour         | 4 5 6 8 9 |  9.7
Throwing       | 1 2 |  2.2
Invocations    | 4 8 10 | 10.0
Shields        | 4 10 12 13 14 | 14.8

Action                     |  1- 3 |  4- 6 |  7- 9 | 10-12 | 13-15 || total
---------------------------+-------+-------+-------+-------+-------++-------
  Melee: War axe           |   125 |   115 |   233 |   353 |   345 ||  1171
         Flail             |       |       |       |     6 |    12 ||    18
  Throw: Boomerang         |       |    32 |   118 |    70 |    52 ||   272
         Javelin           |       |       |       |    21 |       ||    21
 Invoke: Heroism           |       |       |     8 |    16 |    13 ||    37
         Finesse           |       |       |       |     2 |     5 ||     7
    Use: Scroll            |     4 |    16 |     5 |     5 |     3 ||    33
         Potion            |     1 |       |     4 |     1 |     2 ||     8
 Armour: Scale mail        |    71 |    59 |       |       |       ||   130
         Chain mail        |       |       |   127 |       |       ||   127
         Plate armour      |       |       |       |   160 |   141 ||   301
  Dodge: Dodged            |    75 |    42 |   107 |    52 |    49 ||   325
  Block: Buckler           |    22 |    15 |    57 |       |       ||    94
         Tower shield      |       |       |       |   269 |   273 ||   542

Table legend:
 A = Non-vault XP
 B = Vault XP
 C = Vault XP percentage of total XP
 D = Non-vault monster count
 E = Vault monster count
 F = Vault count percentage of total count
                 A         B        C        D         E       F
            +---------+---------+-------+---------+---------+-------
      Total |   48814 |   15268 |  23.8 |     335 |     161 |  32.5
            +---------+---------+-------+---------+---------+-------
        D:1 |      56 |       3 |   5.1 |      33 |       3 |   8.3
        D:2 |      56 |      41 |  42.3 |      28 |       7 |  20.0
        D:3 |       7 |      16 |  69.6 |       3 |       7 |  70.0
        D:4 |     216 |     118 |  35.3 |      11 |       7 |  38.9
        D:5 |     318 |     613 |  65.8 |      11 |      10 |  47.6
        D:6 |    1037 |       5 |   0.5 |      17 |       1 |   5.6
        D:7 |     626 |       0 |   0.0 |      13 |       0 |   0.0
        D:8 |    1218 |       0 |   0.0 |      30 |       0 |   0.0
        D:9 |    2281 |       0 |   0.0 |      22 |       0 |   0.0
       D:10 |    2979 |     649 |  17.9 |      24 |      28 |  53.8
     Lair:1 |    4818 |       0 |   0.0 |      16 |       0 |   0.0
     Lair:2 |    2433 |       0 |   0.0 |       7 |       0 |   0.0
     Lair:3 |   11052 |    3940 |  26.3 |      32 |      12 |  27.3
     Lair:4 |    7454 |    4844 |  39.4 |      42 |      31 |  42.5
     Lair:5 |   14263 |    4685 |  24.7 |      46 |      11 |  19.3
      Sewer |       0 |     354 | 100.0 |       0 |      44 | 100.0
            +---------+---------+-------+---------+---------+-------
